 Dungeon Crawl Stone Soup version 0.28.0-53-g5a82cb258f (webtiles) character file.

Game seed: 7865922047136969339

66 SanguineChosen the Chopper (level 3, -2/34 HPs)
             Began as a Minotaur Berserker on Aug 5, 2022.
             Was a Believer of Trog.
             Slain by Grinder (3 damage)
             ... while paralysed by Grinder
             ... on level 3 of the Dungeon.
             The game lasted 00:09:23 (2321 turns).

SanguineChosen the Chopper (Minotaur Berserker)     Turns: 2321, Time: 00:09:24

Health: -2/34      AC:  5    Str: 23    XL:     3   Next: 96%
Magic:  2/2        EV:  2    Int:  4    God:    Trog [**....]
Gold:   76         SH:  0    Dex:  9    Spells: 2/2 levels left

rFire   . . .      SeeInvis .   a - +0 hand axe
rCold   . . .      Faith    .   (no shield)
rNeg    . . .      Spirit   .   b - +0 animal skin
rPois   .          Reflect  .   (helmet restricted)
rElec   .          Harm     .   (no cloak)
rCorr   .          Rampage  .   c - +0 pair of gloves
Will    .....                   k - +1 pair of boots
Stlth   +.........              (no amulet)
HPRegen 0.11/turn               (no ring)
MPRegen 0.08/turn               (no ring)

@: paralysed
A: horns 2, retaliatory headbutt
a: Renounce Religion, Berserk, Trog's Hand


You were on level 3 of the Dungeon.
You worshipped Trog.
Trog was pleased with you.
You visited 1 branch of the dungeon, and saw 3 of its levels.

You collected 76 gold pieces.

Inventory:

Hand Weapons
 a - a +0 hand axe (weapon)
Armour
 b - a +0 animal skin (worn)
 c - a +0 pair of gloves (worn)
 k - a +1 pair of boots (worn)
Scrolls
 d - 3 scrolls of teleportation
 e - a scroll of blinking
 i - a scroll of torment {unknown}
 j - a scroll of identify
 l - a scroll of enchant armour {unknown}
Potions
 f - a potion of haste {unknown}
 g - a potion of curing {unknown}
 h - a potion of flight {unknown}


   Skills:
 + Level 4.5 Fighting
 + Level 4.6 Axes
 + Level 2.8 Armour
 + Level 2.7 Dodging


You had 2 spell levels left.
You didn't know any spells.
Your spell library was empty.

Dungeon Overview and Level Annotations

Branches:
Dungeon (3/15)

Altars:
Ashenzari

Annotations:
D:3 Grinder, Ijyb


Innate Abilities, Weirdness & Mutations

You have a pair of horns on your head.
You reflexively headbutt those who attack you in melee.


Message History

Grinder closely misses you. The orc closely misses you.
You furiously retaliate!
You headbutt the orc!
You kill the orc!
Trog accepts your kill.
You hit Grinder.
Grinder is heavily wounded.
Grinder hits you!
* * * LOW HITPOINT WARNING * * *
Grinder barely misses you. You furiously retaliate!
You headbutt Grinder.
You feel the effects of Trog's Hand fading.
Grinder hits you.
* * * LOW HITPOINT WARNING * * *
You writhe in agony.
* * * LOW HITPOINT WARNING * * *
You barely miss Grinder. You headbutt Grinder, but do no damage.
Grinder is severely wounded.
Grinder barely misses you.
You hit Grinder but do no damage. Your headbutt misses Grinder.
Grinder is severely wounded.
Grinder gestures at you. You resist with almost no effort.
You hit Grinder.
Grinder is severely wounded.
Your skin stops crawling.
You feel less strong-willed. Grinder hits you!
* * * LOW HITPOINT WARNING * * *
You writhe in agony.
* * * LOW HITPOINT WARNING * * *
Grinder hits you but does no damage.
Grinder blinks!
Grinder gestures at you.
You suddenly lose the ability to move!
Grinder blinks!
Grinder gestures at you.
You shrug off the repeated paralysis!
Grinder blinks!
Grinder hits you.
* * * LOW HITPOINT WARNING * * *
You writhe in agony.
You die...

#...'###.........####.###
#...#..<....#.##.# #.#
##'##.##.##...##.# #.#
##..........####.# #.#
#........##.# #.....##.#
# #.....##.### ###
#.....##...## ....
########@...#.....
#.5..#... #....#.####
###.........# #.......###
####.....# #.....#
#####.....# #.........#


You could see Grinder.

Vanquished Creatures
  A dart slug (D:1)
  2 orcs (D:3)
  2 ball pythons
  4 endoplasms
  4 giant cockroaches
  8 goblins
  10 hobgoblins
  2 jackals (D:1)
  5 quokkas
  5 bats
  5 frilled lizards
  3 kobolds (D:1)
  3 rats
54 creatures vanquished.

Notes
Turn   | Place    | Note
-------+----------+-------------------------------------------
     0 | D:1      | SanguineChosen the Minotaur Berserker began the quest for
                  | the Orb.
     0 | D:1      | Reached XP level 1. HP: 19/19 MP: 0/0
    52 | D:1      | Reached XP level 2. HP: 13/27 MP: 1/1
    57 | D:1      | HP: 1/27 [goblin/+1 dagger of holy wrath (5)]
   465 | D:1      | Reached ** piety under Trog
   602 | D:1      | Reached XP level 3. HP: 33/33 MP: 2/2
  1298 | D:2      | Found a faded altar of an unknown god.
  2063 | D:3      | Found a broken altar of Ashenzari.
  2139 | D:3      | Noticed Grinder
  2144 | D:3      | Noticed Ijyb
  2145 | D:3      | Paralysed by Grinder for 3 turns
  2309 | D:3      | HP: 1/34 [Grinder (3)]
  2315 | D:3      | Paralysed by Grinder for 7 turns
  2321 | D:3      | HP: 1/34 [Grinder (1)]
  2321 | D:3      | Slain by Grinder

Illustrated notes

Levels and vault maps discovered:
D:1:      minmay_arrival_four_loops, layout_rooms, minmay_small_reverse_x
D:2:      layout_basic, dilly_ecumenical_altar_fadedgnrine
D:3:      layout_basic, mainiacjoe_overflow_six_doors_small, zin_scriptorium,
          uniq_ijyb, uniq_grinder

Skill      XL: |  1  2 |
---------------+-------+-----
Fighting       | 4 |  4.5
Axes           | 4 |  4.6
Armour         | |  2.8
Dodging        | |  2.7

Action                   || total
-------------------------++-------
Melee: Hand axe          ||   108
       Headbutt          ||    19
Invok: Trog's Hand       ||     1
  Use: Scroll            ||     5
 Stab: Sleeping          ||     1
Armor: Animal skin       ||    22
Dodge: Dodged            ||    60
